[Event "Olympiad Women-39"]
[Site "Khanty-Mansiysk"]
[Date "2010.09.25"]
[Round "5.2"]
[White "Kosintseva, Nadezhda"]
[Black "Ju, Wenjun"]
[Result "1-0"]
[ECO "B96"]
[WhiteElo "2565"]
[BlackElo "2516"]
[Annotator "CB"]
[PlyCount "119"]
[EventDate "2010.09.21"]
[EventType "team-swiss"]
[EventRounds "11"]
[EventCountry "RUS"]
[SourceTitle "CBM 139"]
[Source "ChessBase"]
[SourceDate "2010.11.18"]
[SourceVersion "1"]
[SourceVersionDate "2010.11.18"]
[SourceQuality "1"]
[WhiteTeam "Russia (W)"]
[BlackTeam "China (W)"]
[WhiteTeamCountry "RUS"]
[BlackTeamCountry "CHN"]
[TimeControl "40/5400+30:1800+30"]

1. e4 c5 2. Nf3 d6 3. d4 cxd4 4. Nxd4 Nf6 5. Nc3 a6 6. Bg5 Nbd7 7. Qe2 e6 8. f4
Qc7 9. O-O-O Be7 10. g4 b5 11. a3 Bb7 12. Bh4 h6 13. Bg2 Qc4 14. Qxc4 bxc4 15.
h3 Rc8 16. Rhe1 Nc5 17. Re2 Rg8 18. f5 Nfd7 19. Bg3 Ne5 20. Nf3 Ncd7 21. Nd4
Nc5 22. Kb1 g6 23. Rf2 gxf5 24. exf5 Bxg2 25. Rxg2 Bf6 26. Bf4 Rh8 27. Re2 Ke7
28. fxe6 fxe6 {#} 29. Nf5+ $1 exf5 30. Nd5+ Ke6 31. Nxf6 Rcd8 32. gxf5+ $6 (32.
Nd5 $1 fxg4 33. hxg4 Nb7 34. Nc7+ Kf7 35. Rf1 Ke7 36. Nd5+ Ke6 37. Nb6 Rhe8 38.
Nxc4 {etc.}) 32... Kxf5 33. Rf1 Ke6 34. Ng4 Ncd7 35. Rfe1 Kd5 36. Bxe5 dxe5 37.
Nxe5 Nxe5 38. Rxe5+ Kc6 39. R1e4 c3 40. b4 Rd1+ 41. Ka2 Rhd8 42. Rc5+ Kb6 43.
Re6+ R8d6 44. Rxd6+ Rxd6 45. Rxc3 a5 46. Kb3 Rg6 47. Re3 axb4 48. axb4 h5 49.
c3 Rg5 50. Re6+ Kc7 51. Rh6 Rf5 52. h4 Re5 53. c4 Rf5 54. b5 Kb7 55. Kb4 Re5
56. Rh7+ Kc8 57. b6 Rf5 58. c5 Rf4+ 59. Kb5 Rxh4 60. Kc6 1-0

[Event "EU-ch 12th"]
[Site "Aix les Bains"]
[Date "2011.03.23"]
[Round "2"]
[White "Vedmediuc, Serghei"]
[Black "Wojtaszek, Radoslaw"]
[Result "0-1"]
[ECO "B96"]
[WhiteElo "2422"]
[BlackElo "2711"]
[Annotator "Marchand,A/Primel,D"]
[PlyCount "80"]
[EventDate "2011.03.22"]
[EventType "swiss"]
[EventRounds "11"]
[EventCountry "FRA"]
[SourceTitle "CBM 142 Extra"]
[Source "ChessBase"]
[SourceDate "2011.06.27"]
[SourceVersion "1"]
[SourceVersionDate "2011.06.27"]
[SourceQuality "1"]
[TimeControl "40/5400+30:1800+30"]

1. e4 c5 2. Nf3 d6 3. d4 cxd4 4. Nxd4 Nf6 5. Nc3 a6 6. Bg5 e6 7. f4 h6 (7...
Nc6 8. Nxc6 bxc6 9. e5 h6 10. Bh4 g5 11. fxg5 Nd5 12. Ne4 Qb6 13. c3 dxe5 14.
g6 fxg6 15. Qc2 Qe3+ $6 (15... Rb8 16. O-O-O $13) 16. Be2 Nf4 17. Nf6+ Kf7 18.
Ng4 $16) 8. Bh4 Qb6 9. Qd3 {En fin de tournoi, le polonais a affronté la ligne
principale Qd2 mais les Noirs n'ont également pas eu de problème dans cette
ligne} (9. Qd2 Qxb2 10. Rb1 Qa3 11. e5 dxe5 12. fxe5 g5 13. exf6 gxh4 14. Be2
Qa5 15. O-O Nd7 16. Kh1 Qg5 17. Rf4 e5 18. Nd5 exd4 19. Qxd4 Kd8 20. Rd1 h3 21.
g3 Bd6 22. Re4 Re8 23. Nb6 Rxe4 24. Qxe4 Qc5 25. Nxa8 Nxf6 26. Qd3 Ke7 27. Bf3
{Nisipeanu,L (2673)-Wojtaszek,R (2711)/Aix les Bains 2011/ Mega2011 Update 15/
0-1 (39)}) (9. a3 $5 {La ligne classique est moins populaire actuellement} Be7
10. Bf2 Qc7 11. Qf3 Nc6 12. O-O-O Bd7 13. Be2 Rc8 14. g4 Nxd4 15. Rxd4 Bc6 {
Naiditsch,A (2712)-Vachier Lagrave,M (2710) ESP-chT CECLUB Honor 2011 (2) 0-1}
(15... d5 $5 {Edouard})) 9... Qxb2 10. Rb1 (10. Nb3 $5 {Bijaoui,M (2392)
-Guliyev,N (2554) Syre Memorial op 34th 2011 (5) 1/2}) 10... Qa3 11. f5 $5 $146
{Cette idée nouvelle a été été reprise dans des nombreuses parties en 2011 et
2012.} (11. e5 Nd5 (11... dxe5 12. fxe5 Nd5 $132 {Parma,B-Sofrevski,J YUG-ch
Ljubljana 1960 (9) 1/2} (12... g5 $5 {Benjamin YB 99})) 12. Nxd5 Qxd3 $11 {
Keres,P-Olafsson,F Zuerich 1959 1/2}) 11... Be7 $1 12. Be2 $2 (12. fxe6 $142 fxe6 13. Be2 {Le bon ordre de coups} O-O (
13... Nxe4 14. O-O Nxc3 15. Qg6+ Kd8 16. Bxe7+ Kc7 17. Qxg7 $40 )) 12... Nxe4 $1 {Le thème tactique de cette variante "améliorée" du P
empoisonné} 13. O-O (13. Nxe4 {Un moindre mal mais la partie est également
sans espoirs pour les Blancs} Bxh4+ 14. g3 Qxd3 15. cxd3 Be7 16. fxe6 fxe6 17.
Bg4 d5 18. Nd2 Nc6) 13... Qxc3 (13... Nxc3 $19) 14. Qxe4 Nc6 15. Rbd1 (15. Nxc6
) 15... d5 $1 $40 16. Qg4 Bxh4 17. Qxh4 Qe3+ 18. Rf2 Nxd4 19.
Rxd4 exf5 20. Rd3 Qe4 21. Qh3 Be6 22. Re3 Qd4 23. c3 Qb6 24. Bd3 g6 25. Ree2
Qc5 26. Qg3 Rc8 27. Re3 Ke7 28. h4 (28. Bf1 {[%cal Ge3c3] N'aurait fait que
retarder l'échéance car le développement de la Rh8, les Blancs peuvent
abandonner}) 28... Qd6 29. Re5 Rxc3 $19 30. Rc2 Qc5+ 31. Kh2 Qd4 32. Re3 f4 33.
Rxe6+ fxe6 34. Qe1 Rc6 35. Bxg6 f3 36. Rd2 Qf6 37. h5 Rhc8 38. Rxd5 Qf4+ 39. g3
f2 40. Qd1 f1=Q 0-1

[Event "Cappelle op 36th"]
[Site "Cappelle la Grande"]
[Date "2020.02.27"]
[Round "8"]
[White "Godart, Francois"]
[Black "Martinez Alcantara, Jose Eduardo"]
[Result "1/2-1/2"]
[ECO "B96"]
[WhiteElo "2445"]
[BlackElo "2617"]
[Annotator "Primel,D"]
[PlyCount "65"]
[EventDate "2020.02.22"]
[EventType "swiss"]
[EventRounds "9"]
[EventCountry "FRA"]
[SourceTitle "CBM 195 Extra"]
[Source "ChessBase"]
[SourceDate "2020.05.31"]
[SourceVersion "1"]
[SourceVersionDate "2020.05.31"]
[SourceQuality "1"]
[TimeControl "40/5400+30:1800+30"]

1. e4 c5 2. Nf3 d6 3. d4 cxd4 4. Nxd4 Nf6 5. Nc3 a6 6. Bg5 e6 {[%emt 0:00:51] Une petite surprise car selon les bases, le
péruvien ne jouait que Nbd7} (6... Nbd7 7. Qe2 h6 {Valmana Canto,J (2401)
-Martinez Alcantara,J (2601) Benasque op 39th 2019 (10) 1/2}) 7. f4 h6 8. Bh4 Qb6 {[%emt 0:00:01] La
variante du P empoisonné retardée avec l'interposition du coup h6} 9. Qd2 (9. a3 Be7 10. Bf2 Qc7 11. Qf3 Nbd7 12. O-O-O b5 13. g4 Bb7 14.
h4 Nc5 15. Bd3 d5 16. e5 Nfe4 17. Be1 O-O-O 18. Kb1 Kb8 19. Qe3 h5 20. g5 g6
21. Bxe4 Nxe4 22. Nxe4 dxe4 23. Bb4 Bd5 24. Bxe7 Qxe7 25. Ne2 Qa7 26. Rd4 Rd7
27. Rhd1 Rhd8 28. c3 Bb3 29. R1d2 Bc4 30. Qxe4 Bxe2 31. Rxd7 Rxd7 32. Qxe2 Rxd2
33. Qxd2 Qg1+ 34. Ka2 Qf1 35. Qd6+ Kb7 36. Qd7+ Kb6 37. Qd4+ Kb7 38. Kb3 Qe2 {
Wei,Y (2737)-Lu,S (2619) Changsha 2019 1-0}) (9. Qd3 Qxb2 10. Rb1 Qa3 11. f5)
9... Qxb2 10. Rb1 Qa3 11. f5 (11. e5 {La grande ligne}) 11... Be7 12. fxe6 fxe6 13. Bc4 Nxe4 $1 {[%emt 0:05:28] Le thème de la variante} 14. Nxe4 Bxh4+ 15. g3 Bg5 16. Nxg5 hxg5 17. O-O {[%emt 0:30:47] Une position
typique du P empoisonné, les Blancs ont une énorme avance de développement
et on ne donne pas cher de la peau du K Noir. Dans la pratique, les Noirs ont
des ressources étonnantes et des bons résultats. Après avoir joué
rapidement l'ouverture, les Blancs font une longue pause d'une 1/2 heure pour
choisir un plan} (17. Nxe6 {L'alternative qui mène probablement à une nulle
forcée} Bxe6 18. Bxe6 Qxg3+ $1 {La pointe!} 19. hxg3 Rxh1+ 20. Ke2 Rh2+ {
Vallejo Pons,F (2697)-Morozevich,A (2715) Reggio Emilia 53rd 2010 (5) 1/2})
17... Qc5 {[%emt 0:02:41][%cal Gc5c4,Gc5d4] Gagnant un tempo important pour
ramener la Q en défense} 18. Qf2 Qxc4 (18...
Nc6 19. Nxe6 Qxf2+ 20. Rxf2 Bxe6 21. Bxe6 $44 {Martinez Duany,L (2470)-Vachier
Lagrave,M (2758) EU-Cup 31st Skopje 2015 (1.2) 1/2}) 19. Qf7+ Kd8 20. Qxg7 Re8 21. Rf7 Bd7 $6 (21... Nd7 22. Rxb7 Bxb7 23. Rxd7+ Kc8
24. Rxb7 Qxd4+ $1 {[%cal Gd4g1,Gd4g7] La pointe qui simplifie et doit conduire
à une nulle} 25. Qxd4 Kxb7 {Igonin,T (2498)-Zhu,Y (2295) Moscow op-A 2016 (3)
1/2}) 22. Rxb7 Qa4 23. Rb4 $6 $146 (23. c4 Kc8 24. Rb3 Ra7 25. Re7 Rxe7 26. Qxe7 Rb7 27. Rf3 Qd1+ {
0-1 (27) Trifan,A (2253)-Gschnitzer,A (2396) Neustadt an der Weinstrasse 2020})
(23. a3 $1 {[%cal Gb7b4] Un coup difficile à trouver devant l'échiquier mais
menaçant Rb4 pour dévier la Q de la défense du Bd7. C'est dommage car les
Blancs ont vu la bonne idée Rb4 pour dévier la Q mais ils pouvaient
l'améliorer avec le coup préparatoire a3. Au surplus, les Noirs peuvent
difficilement exploiter le tempo donné par la poussée a3 car ils sont
proches du zugzwang. Le Nb8 est lié à la protection du Bd7, ainsi que la Q,
les R Noires ne peuvent pas bouger. Le seul coup est Bc8 mais avec un mat en 2.
Malgré un 1/4 d'heure de réflexion, les Blancs n'ont pas vu que les Noirs
étaient en zugzwang et il aurait mieux vallu d'approfondir la réflexion pour
peut-être trouver la pointe 23.a3 Après le 22ème coup, les Blancs avaient
encore 38 mns à la pendule contre une heure pour l'adversaire et ils
pouvaient utiliser 5 à 10 mns supplémentaires pour trouver un meilleur coup
que Rb4 mais peut-être que les Blancs ont vu la suite de la partie qui mène
à une nulle rapide qui est un bon résultat face à un 2600.} Qxa3 (23... Bc8
24. Qf6+ Re7 25. Qxe7#) 24. Rfxd7+) 23... Qxb4 24. Rxd7+ {
[%emt 0:00:10] Gagne la Q mais les Blancs vont manquer de matériel pour mater}
Nxd7 25. Nc6+ Kc7 26. Nxb4 a5 27. Qc3+ Nc5 $132 28. Nd3 Kc6 $1 29. Nxc5 dxc5 30. Qf3+ Kb6 31. Qb3+ Kc6 32. Qf3+ Kb6 33. Qb3+ 1/2-1/2

[Event "Plancoet op-A 10th"]
[Site "Plancoet"]
[Date "2013.08.01"]
[Round "7"]
[White "Bailet, Pierre"]
[Black "Tugui, Adrian"]
[Result "0-1"]
[ECO "B96"]
[WhiteElo "2474"]
[BlackElo "2387"]
[Annotator "RR"]
[PlyCount "72"]
[EventDate "2013.07.28"]
[EventType "swiss"]
[EventRounds "9"]
[EventCountry "FRA"]
[SourceTitle "EXT 2017"]
[Source "ChessBase"]
[SourceDate "2016.10.25"]
[SourceVersion "1"]
[SourceVersionDate "2016.10.25"]
[SourceQuality "1"]
[TimeControl "40/5400+30:1800+30"]

1. e4 c5 2. Nf3 d6 3. d4 cxd4 4. Nxd4 Nf6 5. Nc3 a6 6. Bg5 e6 7. f4 Nbd7 8. Qf3
Qc7 9. O-O-O b5 (9... Be7 {La grande ligne} 10. g4) 10. Bd3 Bb7 11. Rhe1 O-O-O
(11... Qb6) (11... Be7) 12. Kb1 (12. f5 e5 13. Nb3 Be7 14. a4 Nxe4 15. Bxe4
Bxg5+ 16. Kb1 Nf6 17. Bxb7+ Qxb7 18. Nd5 e4 19. Qc3+ Kb8 20. Nb4 Ka8 21. axb5
Qxb5 22. Nd4 Qb6 23. Qa3 Rd7 24. Nb3 d5 25. g3 h5 26. h4 Bh6 27. Rd4 Rc8 28.
Qxa6+ Qxa6 29. Nxa6 Rc4 30. c3 Rxd4 31. Nxd4 Bd2 32. Re2 e3 33. Nc5 Rc7 34.
Ndb3 Ka7 35. Kc2 Kb6 {1/2-1/2 (35) Maslak,K (2541)-Van Wely,L (2625) Moscow
2009}) 12... Kb8 13. f5 b4 $146 (13... e5 14. Nb3 Be7 15. Bxf6 Nxf6 16. a4 bxa4
17. Nxa4 d5 18. exd5 Nxd5 19. Be4 Nb4 20. Nc3 Rxd1+ 21. Rxd1 Rd8 22. Rxd8+ Bxd8
23. Bxb7 Qxb7 24. Qg4 Nd5 25. Qxg7 Nxc3+ 26. bxc3 e4 27. Qe5+ Ka7 28. c4 Qc6
29. g4 Qxc4 30. Nd2 Qb4+ 31. Nb3 Bb6 32. f6 a5 33. Qe7+ Ka6 34. Qxf7 a4 35. Qe7
Qe1+ 36. Nc1 Be3 37. Qa3 Bxc1 38. Qxc1 Qb4+ 39. Qb2 Qc4 40. Qe5 Qb4+ 41. Ka2
Qc4+ 42. Ka3 Qxc2 43. Qe6+ {Vasquez Schroder,R (2522)-Velasquez Ojeda,C (2282)
Santiago de Chile 2007 1-0}) 14. Nce2 e5 15. Nb3 a5 $1 16. Ng3 a4 $132 17. Nd2
Nb6 18. Nh5 Be7 19. Nxf6 gxf6 20. Be3 d5 $36 21. Bxb6 $6 Qxb6 22. exd5 Bc5 (
22... Bxd5 $142 23. Be4) 23. Be4 Bd4 24. d6 Ba6 25. d7 (25. Bc6 $142 Rxd6 26.
Bxa4 Rhd8 27. Ne4 ) 25... Rxd7 26. Bc6 Ra7 $1 27. Bxa4 Bb7 $19 28.
Qb3 Qa5 (28... Qa6 $142 29. Bd7 Bxg2 30. Qxf7 Bc6) 29. Bd7 Bd5 30. c4 Bxg2 31.
Re2 Rg8 32. Bb5 Bh3 33. a4 $2 bxa3 34. c5 Bxf5+ 35. Bd3+ Rb7 36. Nc4 Rxb3 0-1